 Dungeon Crawl Stone Soup version 0.31.0-12-g77e489cdc1 (webtiles) character file.

Game seed: 8833660119799643678

111 lordive the Changeling (level 4, -2/28 HPs)
             Began as an Octopode Shapeshifter on Mar 2, 2024.
             Slain by a goblin
             ... wielding a +0 club
              (4 damage)
             ... on level 3 of the Dungeon.
             The game lasted 00:03:02 (1828 turns).

lordive the Changeling (Octopode Shapeshifter)      Turns: 1828, Time: 00:03:03

Health: -2/28      AC:  1    Str: 15    XL:     4   Next: 92%
Magic:  4/4        EV: 13    Int: 12    God:
Gold:   51         SH:  0    Dex: 17    Spells: 3/3 levels left

rFire   . .          .
                       - Unarmed
rCold   . . .        (no shield)
rNeg    . . .        (helmet currently unavailable)
rPois   .            (no amulet)
rElec   .            e - +6 ring of dexterity
rCorr   .            (no ring)
SInv    .            (no ring)
Will    .....        (no ring)
Stlth   +++          (no ring)
HPRegen 0.24/turn    (no ring)
MPRegen 0.09/turn    (no ring)
                     (no ring)

%: no passive effects
@: beast-form
A: beast (slay +2), almost no armour, amphibious, 8 rings, camouflage 1,
gelatinous body 1, (nimble swimmer 1), tentacles
a: Begin Untransformation


You were on level 3 of the Dungeon.
You were a hulking beast.
You visited 1 branch of the dungeon, and saw 3 of its levels.

You collected 51 gold pieces.

Inventory:

Armour
 i - a +0 buckler
Jewellery
 e - a +6 ring of dexterity (left tentacle)
Talismans
 b - a beast talisman
 c - a flux talisman
Scrolls
 d - a scroll of butterflies {unknown}
 f - a scroll of identify {unknown}
 g - 2 scrolls of teleportation {unknown}
 h - a scroll of enchant weapon {unknown}
 j - a scroll of fear {unknown}
 l - 2 scrolls of blinking {unknown}
 m - a scroll of revelation {unknown}
Potions
 a - a potion of lignification
 k - a potion of haste {unknown}
 n - a potion of experience {unknown}


   Skills:
 + Level 1.1 Fighting
 + Level 2.3 Dodging
 + Level 4.1 Unarmed Combat
 * Level 4.1 Shapeshifting


You had 3 spell levels left.
You didn't know any spells.
Your spell library was empty.

Dungeon Overview and Level Annotations

Branches:
Dungeon (3/15)

Altars:


Innate Abilities, Weirdness & Mutations

You are a hulking beast.
Your limbs bulge with bestial killing power. (Slay +2)
You cannot wear most types of armour.
You are amphibious.
You can wear up to eight rings at the same time.
Your skin changes colour to match your surroundings (Stealth+).
Your rubbery body absorbs attacks. (AC +1, EV +1)
((You are camouflaged when in or above water. (Stealth+)))
You have tentacles for arms and can constrict up to eight enemies at once.


Message History

The goblin completely misses you. The rat attacks as it pursues you!
The rat barely misses you. The hound barely misses you.
Things that are here:
a +0 club; 2 poisoned darts The goblin attacks as it pursues you!
The goblin hits you with a +0 club. The rat attacks as it pursues you!
The rat bites you. The hound barely misses you.
The goblin attacks as it pursues you! The goblin closely misses you.
The hound attacks as it pursues you! The hound barely misses you.
The rat attacks as it pursues you! The rat closely misses you.
The hound attacks as it pursues you! The hound bites you.
Found an inky potion.
The hound closely misses you. The hound attacks as it pursues you!
The hound closely misses you.
An orc wizard comes into view. It is wielding a +0 dagger.
The hound attacks as it pursues you! The hound misses you.
The hound barely misses you.
Unknown command.
You tentacle-slap the hound.
You kill the hound!
Your Unarmed Combat skill increases to level 4!
Unknown command.
The orc attacks as it pursues you! The orc hits you with a +0 short sword.
* * * LOW HITPOINT WARNING * * *
A rat comes into view.
The rat squeaks loudly.
You tentacle-slap the rat. You grab the rat.
The rat is heavily wounded.
You constrict the rat.
You kill the rat!
The orc closely misses you.
You barely miss the orc. Your grab misses the orc. The orc barely misses you.
You barely miss the orc. Your grab misses the orc.
The orc hits you with a +0 short sword.
* * * LOW HITPOINT WARNING * * *
The goblin misses you. The orc attacks as it pursues you!
The orc hits you with a +0 short sword.
* * * LOW HITPOINT WARNING * * *
The goblin attacks as it pursues you! The goblin misses you.
The goblin attacks as it pursues you! The goblin hits you with a +0 club.
You die...

#......####............ ....
#.!.....†.#..)......... ....
#####..##............. .#..
#o###..........##. ..#.
#.#.......:...#### #...
#r..###.###......# ###.
###..##...# #......# #.
##...ro#.#####.....[#######.
.........o..gh...>............
##.........#####.........#####
#.........# ##.....##.#####
#..........######...####......
#..........##..........#######
#..........#............##
........................#
....................)..#
......).........#


You could see 2 orcs, a goblin and a rat.

Vanquished Creatures
  A hound (D:3)
  3 adders (D:2)
  A dart slug (D:3)
  A ribbon worm (D:2)
  3 ball pythons
  4 bats
  4 endoplasms
  4 giant cockroaches
  4 goblins
  6 hobgoblins
  2 quokkas (D:2)
  A frilled lizard (D:1)
  5 kobolds
  11 rats
50 creatures vanquished.

Notes
Turn   | Place    | Note
-------+----------+-------------------------------------------
     0 | D:1      | lordive the Octopode Shapeshifter began the quest for the
                  | Orb.
     0 | D:1      | Reached XP level 1. HP: 13/13 MP: 1/1
   229 | D:1      | Reached XP level 2. HP: 18/18 MP: 2/2
   680 | D:1      | Reached XP level 3. HP: 23/23 MP: 3/3
   682 | D:1      | You fall into a shaft and drop 1 floor!
  1209 | D:2      | Reached XP level 4. HP: 23/28 MP: 4/4
  1459 | D:2      | Found a faded altar of an unknown god.
  1822 | D:3      | HP: 1/28 [orc/+0 short sword (5)]
  1828 | D:3      | Slain by a goblin

Illustrated notes

Levels and vault maps discovered:
D:1:      dpeg_arrival_fog, layout_loops_corners
D:2:      layout_basic, chequers_ecumenical_altar_simple,
          kennysheep_generic_room_15
D:3:      layout_rooms

Skill      XL: |  1  2  3  4 |
---------------+-------------+-----
Shapeshifting  | 4 |  4.1
Unarmed Combat | 4 |  4.1
Fighting       | |  1.1
Dodging        | |  2.3

Action                     |  1- 3 |  4- 6 || total
---------------------------+-------+-------++-------
  Melee: Unarmed           |    66 |    28 ||    94
         Constrict         |    16 |     7 ||    23
         Tentacles         |    10 |     5 ||    15
         Punch             |     4 |       ||     4
   Stab: Sleeping          |     3 |     3 ||     6
 Armour: Skin              |    21 |    20 ||    41
  Dodge: Dodged            |    36 |    26 ||    62
